Map: World of Sleepers LE

Players

Astrea - Winner!

  • Race: Protoss Protoss
  • League: Grandmaster
  • Spawn Location: 7:00

Super

  • Race: Protoss Protoss
  • Spawn Location: 1:00

VOD

Have the link to the VOD?

Description

Time

  • Played on: Jan. 15, 2020, 5:24 a.m.
  • Length: 9:25
Show
View Real Time Build Order
Export as new Build Order

Astrea Protoss - Winner!

Build Orders: Phoenix Opening 

Get SALT Encoding   

  12  0:00  Probe  
  13  0:12  Probe  
  14  0:17  Pylon  
  14  0:24  Probe (Chrono Boost)  
  16  0:37  Probe (Chrono Boost)  
  16  0:38  Gateway  
  16  0:43  Probe (Chrono Boost)  
  16  0:45  Assimilator  
  17  0:51  Probe  
  17  0:53  Assimilator  
  18  1:03  Probe (Chrono Boost)  
  19  1:06  Gateway  
  19  1:12  Probe (Chrono Boost)  
  19  1:17  Probe (Chrono Boost)  
  20  1:25  Cybernetics Core  
  21  1:29  Probe  
  22  1:33  Pylon  
  22  1:41  Probe  
  23  1:54  Probe  
  23  1:58  Warp Gate (Chrono Boost)  
  23  2:01  Stalker x2  
  28  2:06  Probe  
  29  2:12  Pylon  
  29  2:18  Probe  
  30  2:26  Pylon  
  30  2:30  Probe  
  30  2:32  Sentry x2  
  35  2:42  Probe  
  36  2:51  Nexus  
  36  2:59  Shield Battery  
  36  3:05  Pylon, Sentry  
  38  3:06  Phoenix  
  38  3:08  Probe  
  39  3:17  Robotics Facility  
  39  3:23  Probe  
  40  3:35  Probe  
  40  3:39  Stalker x2  
  45  3:47  Probe  
  46  3:53  Pylon  
  46  4:00  Probe  
  45  4:05  Stalker  
  41  4:12  Probe  
  41  4:14  Probe  
  43  4:17  Stalker  
  43  4:24  Probe  
  46  4:26  Immortal (Chrono Boost)  
  46  4:27  Shield Battery  
  50  4:34  Stalker  
  50  4:50  Probe (Chrono Boost)  
  49  4:53  Probe (Chrono Boost)  
  49  4:57  Observer (Chrono Boost)  
  49  4:58  Sentry  
  52  5:01  Sentry  
  52  5:02  Probe (Chrono Boost), Forge  
  56  5:07  Probe (Chrono Boost)  
  56  5:10  Probe (Chrono Boost)  
  56  5:12  Assimilator  
  58  5:15  Probe (Chrono Boost), Assimilator  
  58  5:19  Immortal (Chrono Boost)  
  58  5:20  Probe (Chrono Boost)  
  59  5:21  Probe (Chrono Boost)  
  64  5:28  Probe  
  64  5:30  Probe, Pylon  
  64  5:32  Adept  
  68  5:36  Adept  
  68  5:42  Shield Battery  
  70  5:50  Protoss Ground Weapons Level 1 (Chrono Boost)  
  70  5:52  Warp Prism  
  72  6:01  Pylon  
  72  6:07  Twilight Council  
  72  6:23  Stalker x2  
  74  6:30  Immortal  
  76  6:44  Gateway  
  76  6:45  Gateway  
  76  6:48  Gateway  
  76  6:50  Gateway x2  
  76  6:52  Gateway  
  76  6:54  Blink (Chrono Boost)  
  76  7:02  Stalker x2  
  76  7:04  Pylon  
  80  7:13  Immortal  
  84  7:22  Pylon  
  84  7:28  Adept x2  
  88  7:41  Stalker x2  
  88  7:42  Pylon  
  92  7:44  Stalker x2  
  92  7:48  Pylon  
  96  7:55  Stalker x2  
  96  7:56  Stalker  
  102  8:23  Observer  
  103  8:27  Stalker x6  
  103  8:28  Stalker  
  117  8:35  Pylon  
  115  8:50  Stalker  
  115  8:54  Stalker  
  115  9:09  Stalker x6  
Show
View Real Time Build Order
Export as new Build Order

Super Protoss 

Build Orders: Blink Stalkers 

Get SALT Encoding   

  12  0:00  Probe  
  13  0:12  Probe  
  14  0:17  Pylon  
  14  0:24  Probe  
  15  0:35  Gateway  
  15  0:38  Probe (Chrono Boost)  
  16  0:47  Assimilator  
  16  0:48  Probe (Chrono Boost)  
  17  0:52  Probe (Chrono Boost)  
  17  0:56  Assimilator  
  19  1:04  Probe (Chrono Boost)  
  19  1:08  Gateway  
  19  1:13  Probe (Chrono Boost)  
  20  1:18  Probe  
  20  1:25  Cybernetics Core  
  21  1:30  Probe  
  22  1:34  Pylon  
  22  1:42  Probe  
  23  1:54  Gateway  
  23  2:02  Warp Gate (Chrono Boost), Stalker x2  
  27  2:09  Probe  
  27  2:15  Pylon  
  28  2:34  Stalker x2  
  32  2:41  Stalker  
  34  2:51  Twilight Council  
  34  3:06  Pylon  
  34  3:26  Blink (Chrono Boost)  
  34  3:35  Stalker  
  34  3:36  Zealot, Stalker  
  38  3:53  Nexus  
  36  3:57  Probe  
  31  4:17  Stalker x2  
  31  4:20  Stalker  
  37  4:27  Probe  
  36  4:39  Probe  
  35  4:51  Probe  
  34  4:55  Stalker x3  
  40  5:03  Probe  
  40  5:06  Probe  
  42  5:15  Probe  
  42  5:18  Probe  
  44  5:21  Adept x3  
  44  5:26  Pylon  
  51  5:28  Probe  
  51  5:30  Probe  
  53  5:42  Probe  
  53  5:43  Probe  
  53  5:48  Sentry x2  
  53  5:49  Sentry  
  60  5:55  Probe x2  
  62  6:02  Gateway x2  
  62  6:05  Robotics Facility  
  62  6:09  Resonating Glaives (Chrono Boost)  
  62  6:11  Shield Battery  
  62  6:12  Shield Battery  
  62  6:20  Pylon  
  62  6:32  Assimilator  
  62  6:37  Gateway x2  
  62  6:38  Probe x2  
  64  6:45  Pylon  
  64  6:52  Observer (Chrono Boost)  
  65  6:55  Probe x2  
  67  7:05  Pylon  
  67  7:10  Warp Prism (Chrono Boost)  
  69  7:20  Pylon  
  69  7:23  Pylon  
  69  7:27  Nexus  
  69  7:28  Stalker  
  71  7:35  Stalker x2  
  75  7:46  Adept x4  
  83  7:57  Adept  
  85  8:00  Adept x2  
  85  8:03  Pylon  
  89  8:06  Pylon  
  89  8:07  Adept  
  89  8:08  Adept x3  
  97  8:24  Stalker x3  
  103  8:28  Stalker x2  
  103  8:44  Sentry  
  101  8:50  Adept, Sentry x2  
  104  8:55  Probe  
  104  8:56  Probe x2  
  104  9:00  Adept x2  
  110  9:07  Adept  
Tags
 
Add a new tag
Caveats
  • Supply blocks, unpowered buildings, or Contaminate may cause inaccurate times.
  • Supply counts are checked every 10 seconds.